 Dungeon Crawl Stone Soup version 0.23-a0-315-ga85b81c (webtiles) character file.

20015 Garbasso the Thaumaturge (level 12, -5/94 HPs)
             Began as a Gnoll Skald on Oct 13, 2018.
             Was a High Priest of Okawaru.
             Slain by a harpy (8 damage)
             ... summoned by Kirke
             ... on level 4 of the Lair of Beasts.
             The game lasted 00:59:50 (15189 turns).

Garbasso the Thaumaturge (Gnoll Skald)             Turns: 15189, Time: 00:59:50

Health: -5/94      AC: 15    Str: 19    XL:     12   Next: 75%
Magic:  4/25       EV: 23    Int: 16    God:    Okawaru [*****.]
Gold:   794        SH:  0    Dex: 19    Spells: 7/29 levels left

rFire    . . .     SeeInvis +   c - +3 halberd (freeze)
rCold    . . .     Gourm    .   (shield currently unavailable)
rNeg     . . .     Faith    .   M - +0 troll leather armour
rPois    .         Spirit   .   (no helmet)
rElec    .         Reflect  .   y - +2 cloak
rCorr    .         Harm     .   m - +0 pair of gloves
MR       .....                  J - +2 pair of boots of the Assassin {Detection Stab+ Stlth++}
Stlth    +++++++...             (no amulet)
HPRegen  0.65/turn              l - +5 ring of dexterity
MPRegen  0.19/turn              T - ring of see invisible

@: heroism, finesse
A: distributed training, fangs 1, strong nose
a: Heroism, Finesse, Renounce Religion


You were on level 4 of the Lair of Beasts.
You worshipped Okawaru.
Okawaru was extremely pleased with you.
You were not hungry.

You visited 3 branches of the dungeon, and saw 17 of its levels.

You collected 898 gold pieces.
You spent 104 gold pieces at shops.

Inventory:

Hand Weapons
 c - a +3 halberd of freezing (weapon)
 K - the +8 great mace of Slow Death {flame, Dex+7}
   (You found it on level 12 of the Dungeon)

   It has been specially enchanted to burn those struck by it, causing extra
   injury to most foes and up to half again as much damage against particularly
   susceptible opponents.
   It affects your dexterity (+7).
 W - a +3 trident
Missiles
 n - 2 tomahawks (quivered)
Armour
 m - a +0 pair of gloves (worn)
 y - a +2 cloak (worn)
 z - a +0 buckler
 I - a +2 scale mail of fire resistance
 J - the +2 pair of boots of the Assassin (worn) {Detection Stab+ Stlth++}
   (Okawaru gifted it to you on level 11 of the Dungeon)

   It makes you much more stealthy.
 M - a +0 troll leather armour (worn)
Jewellery
 e - an uncursed ring of fire
 l - a +5 ring of dexterity (left hand)
 v - an uncursed ring of stealth
 E - an uncursed ring of protection from fire
 R - an uncursed ring of ice
 T - a ring of see invisible (right hand)
Wands
 o - a wand of digging (6)
 p - a wand of flame (26)
 H - a wand of acid (11)
 O - a wand of polymorph (23)
 P - a wand of random effects (24)
 U - a wand of iceblast (12)
Scrolls
 a - a scroll of enchant armour
 b - a scroll of enchant weapon
 f - a scroll of blinking
 h - 7 scrolls of teleportation
 k - 13 scrolls of remove curse
 s - 8 scrolls of magic mapping
 x - 2 scrolls of immolation
 F - 2 scrolls of identify
 L - 2 scrolls of fear
 N - a scroll of fog
 V - a scroll of amnesia
Potions
 g - 7 potions of curing
 i - 3 potions of flight
 j - 4 potions of lignification
 q - 6 potions of heal wounds
 r - 3 potions of might
 t - 3 potions of brilliance
 u - a potion of agility
 w - 2 potions of magic
 A - a potion of resistance
 B - a potion of ambrosia
 D - 3 potions of haste
 G - 2 potions of berserk rage
 X - a potion of mutation
Miscellaneous
 C - a phantom mirror
Comestibles
 d - 24 rations
 Q - 6 chunks of flesh


   Skills:
 + Level 8.8(13.8) Fighting
 + Level 7.4(12.4) Short Blades
 + Level 7.4(12.4) Long Blades
 + Level 7.4(12.4) Axes
 + Level 7.4(12.4) Maces & Flails
 + Level 8.8(13.8) Polearms
 + Level 7.4(12.4) Staves
 + Level 7.4(12.4) Slings
 + Level 7.4(12.4) Bows
 + Level 7.4(12.4) Crossbows
 + Level 7.4(12.4) Throwing
 + Level 7.9(12.9) Armour
 + Level 8.8(13.8) Dodging
 + Level 7.4(12.4) Stealth
 + Level 7.4(12.4) Shields
 + Level 7.4(12.4) Unarmed Combat
 + Level 9.1 Spellcasting
 + Level 6.2 Conjurations
 + Level 6.2 Hexes
 + Level 8.3 Charms
 + Level 6.2 Summonings
 + Level 6.2 Necromancy
 + Level 6.2 Translocations
 + Level 6.2 Transmutations
 + Level 6.2 Fire Magic
 + Level 6.2 Ice Magic
 + Level 6.2 Air Magic
 + Level 6.2 Earth Magic
 + Level 6.2 Poison Magic
 + Level 8.2 Invocations
 + Level 7.4 Evocations


You had 7 spell levels left.
You knew the following spells:

 Your Spells              Type           Power        Failure   Level  Hunger
a - Summon Ice Beast      Ice/Summ       ####....     9%          4    ###....
b - Shroud of Golubria    Chrm/Tloc      ####......   1%          2    None
c - Regeneration          Chrm/Necr      ####......   1%          3    #......
d - Spectral Weapon       Hex/Chrm       ####....     1%          3    #......
e - Confuse               Hex            ####....     2%          3    #......
f - Ozocubu's Armour      Chrm/Ice       ####....     1%          3    #......
g - Throw Icicle          Conj/Ice       ####....     9%          4    ###....

Your spell library contained the following spells:

 Spells                   Type           Power        Failure   Level  Hunger
 Confusing Touch          Hex            ####..       1%          1    None
 Corona                   Hex            ####...      1%          1    None
 Freeze                   Ice            ####         1%          1    None
 Infusion                 Chrm           ####         1%          1    None
 Ensorcelled Hibernation  Hex/Ice        ####..       1%          2    None
 Slow                     Hex            ####....     1%          2    None
 Song of Slaying          Chrm           ####....     1%          2    None
 Throw Frost              Conj/Ice       ####..       1%          2    None
 Dazzling Spray           Conj/Hex       ####..       2%          3    #......
 Gell's Gravitas          Tloc           ####......   2%          3    #......
 Inner Flame              Hex/Fire       ####....     2%          3    #......
 Portal Projectile        Hex/Tloc       ####..       2%          3    #......
 Tukima's Dance           Hex            ####....     2%          3    #......
 Cause Fear               Hex            ####......   9%          4    ###....
 Leda's Liquefaction      Hex/Erth       ####......   9%          4    ###....
 Petrify                  Tmut/Erth      ####....     9%          4    ###....
 Metabolic Englaciation   Hex/Ice        ####......   24%         5    #####..
 Yara's Violent Unravell  Hex/Tmut       ####......   24%         5    #####..


Dungeon Overview and Level Annotations

Branches:
Dungeon (12/15)            Temple (1/1) D:5            Lair (4/6) D:11
 Shoals (0/4) Lair:4       Spider (0/4) Lair:3          Orc (0/2) D:12

Altars:
Ashenzari
Dithmenos
Elyvilon
Fedhas
Hepliaklqana
Kikubaaqudgha
Makhleb
Nemelex Xobeh
Okawaru
Qazlal
Ru
Sif Muna
Trog
Uskayaw
Vehumet
Wu Jian
Xom
Yredelemnul
Zin
The Shining One

Shops:
D:7 *

Annotations:
D:8 2 transporters
Lair:4 Kirke


Innate Abilities, Weirdness & Mutations

Your experience applies equally to all skills.
You have very sharp teeth.
Your uncanny sense of smell can sniff out nearby items.


Message History

The harpy barely misses you. The harpy misses you. x4
The harpy closely misses you. The hog bites your ice beast.
The hog completely misses you. The hog closely misses you.
Unknown command.
You feel much better. The harpy misses you. The harpy claws you.
* * * LOW HITPOINT WARNING * * *
The harpy misses you. x2; The harpy claws you!
* * * LOW HITPOINT WARNING * * *
The harpy closely misses you. The harpy claws you.
* * * LOW HITPOINT WARNING * * *
The harpy claws you!
* * * LOW HITPOINT WARNING * * *
Kirke closely misses you.
Your ice beast closely misses Kirke.
Your ice beast hits the hog but does no damage.
The hog barely misses your ice beast. The hog completely misses you. x2
You completely miss Kirke. Your bite misses Kirke.
Kirke is severely wounded.
Kirke barely misses you.
Your ice beast barely misses the hog.
The harpy claws you!
You die...

#.###.#####.......
#.................
###................#
#...#...#..........#
# #.#P..##.#.......P
#....#####........
#.#...# ##(......
##H#...## ##PP#...
##H@H÷...## ####.#.
.####.h@h.....#
#..#.
.....YhhY.....#
#....
.(#P##.#.#.#.##
##... ##
##.####.########..#
## #P.P##...#...#
#..##....<....
##.##...#.#..# ≈≈≈
##...##.P####..


You could see Kirke (invisible), 3 harpies, 4 hogs and 2 friendly ice beasts.

Vanquished Creatures
  Harold (D:9)
  2 hydras (Lair:1)
  2 two-headed ogres
  An ugly thing (D:11)
  A deep elf mage (D:12)
  A black mamba (Lair:1)
  6 spiny frogs
  A gargoyle (D:11)
  5 komodo dragons
  A troll (D:10)
  A jumping spider (Lair:3)
  Grinder (D:3)
  A dream sheep (Lair:3)
  4 hippogriffs
  A redback (Lair:3)
  18 yaks
  A wyvern (D:12)
  A human (D:7)
  2 wraiths
  2 hungry ghosts
  4 hogs (D:7)
  An acid dragon (D:12)
  A swamp drake (D:12)
  2 water moccasins
  6 porcupines
  2 ice beasts (D:12)
  3 phantoms
  2 sky beasts
  5 orc warriors
  2 black bears
  5 ogres
  2 centaurs (D:8)
  7 crocodiles
  A big kobold (D:7)
  2 bullfrogs
  A gnoll sergeant (D:8)
  6 scorpions
  A killer bee (D:12)
  4 wights (D:8)
  A vampire bat (D:5)
  6 howler monkeys
  2 bullfrog zombies
  6 crimson imps
  2 hounds
  11 orc priests
  A bullfrog skeleton (D:6)
  2 jellies
  Natasha (twice) (D:4)
  4 iguanas
  Terence (D:2)
  Ijyb (D:4)
  8 orc wizards
  11 worker ants
  A hound zombie (D:7)
  A hound skeleton (D:4)
  3 gnolls (D:8)
  2 worker ant zombies
  A howler monkey skeleton (D:10)
  10 adders
  3 shadow imps
  An ooze (D:3)
  An adder zombie (D:5)
  An adder skeleton (D:4)
  A worm (D:3)
  5 leopard geckos
  25 orcs
  4 bat skeletons (D:5)
  2 bat zombies (D:5)
  8 giant cockroaches
  7 hobgoblins
  7 jackals
  4 quokkas
  9 bats
  6 frilled lizards
  8 goblins
  A jackal skeleton (D:6)
  17 kobolds
  4 leopard gecko skeletons
  A quokka skeleton (D:7)
  10 rats
311 creatures vanquished.

Vanquished Creatures (collateral kills)
  A merfolk siren (Lair:4)
  A torpor snail (Lair:3)
  2 dream sheep (Lair:3)
  4 yaks
  2 hogs (Lair:4)
  An orc warrior (D:11)
  A necrophage (D:11)
  An ogre (D:12)
  A scorpion (D:12)
  2 killer bees (D:12)
  A quasit (D:11)
  4 orc wizards
  2 orc priests (D:12)
  An adder (D:12)
  5 orcs
29 creatures vanquished.

Vanquished Creatures (others)
  A wizard (D:11)
  5 fungi (Lair:4)
  2 plants (Lair:4)
  5 spectral weapons
13 creatures vanquished.

Grand Total: 353 creatures vanquished

Notes
Turn   | Place    | Note
-------+----------+-------------------------------------------
     0 | D:1      | Garbasso the Gnoll Skald began the quest for the Orb.
     0 | D:1      | Reached XP level 1. HP: 20/20 MP: 6/6
   145 | D:1      | Reached XP level 2. HP: 26/26 MP: 7/7
   154 | D:1      | Learned a level 2 spell: Shroud of Golubria
   378 | D:1      | Reached XP level 3. HP: 31/31 MP: 9/9
   509 | D:1      | Reached skill level 5 in Spellcasting
   576 | D:2      | Noticed Terence
   605 | D:2      | Killed Terence
   605 | D:2      | Reached skill level 1 in Short Blades
   605 | D:2      | Reached skill level 1 in Long Blades
   605 | D:2      | Reached skill level 1 in Axes
   605 | D:2      | Reached skill level 1 in Maces & Flails
   605 | D:2      | Reached skill level 1 in Staves
   605 | D:2      | Reached skill level 1 in Slings
   605 | D:2      | Reached skill level 1 in Bows
   605 | D:2      | Reached skill level 1 in Crossbows
   605 | D:2      | Reached skill level 1 in Throwing
   605 | D:2      | Reached skill level 1 in Stealth
   605 | D:2      | Reached skill level 1 in Shields
   605 | D:2      | Reached skill level 1 in Unarmed Combat
   605 | D:2      | Reached skill level 1 in Invocations
   605 | D:2      | Reached skill level 1 in Evocations
   765 | D:2      | Reached XP level 4. HP: 38/38 MP: 11/11
  1061 | D:2      | Reached skill level 1 in Conjurations
  1061 | D:2      | Reached skill level 1 in Hexes
  1061 | D:2      | Reached skill level 1 in Summonings
  1061 | D:2      | Reached skill level 1 in Necromancy
  1061 | D:2      | Reached skill level 1 in Translocations
  1061 | D:2      | Reached skill level 1 in Transmutations
  1061 | D:2      | Reached skill level 1 in Fire Magic
  1061 | D:2      | Reached skill level 1 in Ice Magic
  1061 | D:2      | Reached skill level 1 in Air Magic
  1061 | D:2      | Reached skill level 1 in Earth Magic
  1061 | D:2      | Reached skill level 1 in Poison Magic
  1523 | D:3      | Learned a level 3 spell: Regeneration
  1527 | D:3      | Learned a level 3 spell: Spectral Weapon
  1792 | D:3      | Reached XP level 5. HP: 39/43 MP: 12/12
  1977 | D:3      | Noticed Grinder
  1997 | D:3      | Killed Grinder
  1997 | D:3      | Reached skill level 5 in Fighting
  1997 | D:3      | Reached skill level 5 in Polearms
  1997 | D:3      | Reached skill level 5 in Dodging
  1997 | D:3      | Reached XP level 6. HP: 38/51 MP: 9/14
  2556 | D:4      | Reached XP level 7. HP: 44/56 MP: 4/15
  2642 | D:4      | Noticed Natasha
  2657 | D:4      | Killed Natasha
  2736 | D:4      | Noticed Natasha
  2751 | D:4      | Killed Natasha
  2787 | D:4      | Noticed Ijyb
  2809 | D:4      | Killed Ijyb
  3051 | D:4      | Got a smoking hand axe
  3052 | D:4      | Identified the +4 hand axe "Kiopla" {venom, *Drain rPois
                  | rF++} (You found it on level 4 of the Dungeon)
  3568 | D:4      | HP: 1/56 [orc priest/divine providence (11)]
  4058 | D:5      | Entered Level 5 of the Dungeon
  4092 | D:5      | Found a staircase to the Ecumenical Temple.
  4097 | Temple   | Entered the Ecumenical Temple
  4135 | Temple   | Became a worshipper of Warmaster Okawaru
  4690 | D:5      | Found an ancient bone altar of Kikubaaqudgha.
  4835 | D:6      | Reached XP level 8. HP: 49/63 MP: 11/16
  5253 | D:6      | Reached * piety under Okawaru
  5390 | D:6      | Reached skill level 6 in Spellcasting
  5602 | D:6      | Learned a level 3 spell: Confuse
  6342 | D:7      | Noticed a komodo dragon
  6368 | D:7      | Reached ** piety under Okawaru
  6368 | D:7      | Reached XP level 9. HP: 69/69 MP: 4/18
  6626 | D:7      | Killed a komodo dragon
  6632 | D:7      | Reached skill level 5 in Armour
  6799 | D:7      | Found Loblet's General Store.
  6802 | D:7      | Bought a scroll of identify for 26 gold pieces
  6802 | D:7      | Bought 3 scrolls of identify for 78 gold pieces
  7518 | D:8      | Reached *** piety under Okawaru
  7518 | D:8      | Reached skill level 5 in Invocations
  7677 | D:8      | Found a transporter.
  7739 | D:8      | Reached skill level 7 in Spellcasting
  7739 | D:8      | Reached XP level 10. HP: 73/77 MP: 20/20
  8090 | D:8      | Reached **** piety under Okawaru
  8090 | D:8      | Reached skill level 5 in Short Blades
  8090 | D:8      | Reached skill level 5 in Long Blades
  8090 | D:8      | Reached skill level 5 in Axes
  8090 | D:8      | Reached skill level 5 in Maces & Flails
  8090 | D:8      | Reached skill level 5 in Staves
  8090 | D:8      | Reached skill level 5 in Slings
  8090 | D:8      | Reached skill level 5 in Bows
  8090 | D:8      | Reached skill level 5 in Crossbows
  8090 | D:8      | Reached skill level 5 in Throwing
  8090 | D:8      | Reached skill level 5 in Stealth
  8090 | D:8      | Reached skill level 5 in Shields
  8090 | D:8      | Reached skill level 5 in Unarmed Combat
  8090 | D:8      | Reached skill level 5 in Evocations
  8148 | D:8      | Found a transporter.
  8351 | D:9      | Noticed Harold
  8364 | D:9      | Killed Harold
  8364 | D:9      | Received a gift from Okawaru
  9222 | D:10     | Entered Level 10 of the Dungeon
  9348 | D:10     | Found a shadowy altar of Dithmenos.
  9650 | D:10     | Reached XP level 11. HP: 80/84 MP: 19/22
  9837 | D:11     | Found a bloodstained altar of Trog.
 10056 | D:11     | Noticed a two-headed ogre
 10064 | D:11     | Killed a two-headed ogre
 10103 | D:11     | Noticed a white ugly thing
 10107 | D:11     | HP: 2/84 [white ugly thing (27)]
 10213 | D:11     | Found a staircase to the Lair.
 10283 | D:12     | Noticed a deep elf mage
 10290 | D:12     | Killed a deep elf mage
 10290 | D:12     | Reached ***** piety under Okawaru
 10341 | D:12     | Identified a scroll of acquirement
 10351 | D:12     | Noticed a two-headed ogre
 10360 | D:12     | Killed a two-headed ogre
 10360 | D:12     | Reached skill level 8 in Spellcasting
 10360 | D:12     | Reached skill level 5 in Conjurations
 10360 | D:12     | Reached skill level 5 in Hexes
 10360 | D:12     | Reached skill level 5 in Summonings
 10360 | D:12     | Reached skill level 5 in Necromancy
 10360 | D:12     | Reached skill level 5 in Translocations
 10360 | D:12     | Reached skill level 5 in Transmutations
 10360 | D:12     | Reached skill level 5 in Fire Magic
 10360 | D:12     | Reached skill level 5 in Ice Magic
 10360 | D:12     | Reached skill level 5 in Air Magic
 10360 | D:12     | Reached skill level 5 in Earth Magic
 10360 | D:12     | Reached skill level 5 in Poison Magic
 10441 | D:12     | Learned a level 3 spell: Ozocubu's Armour
 10446 | D:12     | Learned a level 4 spell: Summon Ice Beast
 10635 | D:12     | Received a gift from Okawaru
 11039 | D:12     | Got a steaming great mace
 11040 | D:12     | Identified the +8 great mace of Slow Death {flame, Dex+7}
                  | (You found it on level 12 of the Dungeon)
 11181 | D:12     | Learned a level 4 spell: Throw Icicle
 11203 | D:12     | Found a staircase to the Orcish Mines.
 11815 | D:11     | Noticed a wizard
 11817 | D:11     | Killed a wizard
 11889 | D:11     | Received a gift from Okawaru
 11890 | D:11     | Found the +2 pair of boots of the Assassin {Detection Stab+
                  | Stlth++}
 11997 | D:11     | Killed a white ugly thing
 12155 | Lair:1   | Entered Level 1 of the Lair of Beasts
 12233 | Lair:1   | Noticed an eight-headed hydra
 12272 | Lair:1   | Killed a 14-headed hydra
 12405 | Lair:1   | Reached XP level 12. HP: 93/93 MP: 24/24
 12821 | Lair:1   | Noticed an eight-headed hydra
 12830 | Lair:1   | Killed an eight-headed hydra
 13834 | Lair:3   | Received a gift from Okawaru
 14202 | Lair:3   | Reached skill level 9 in Spellcasting
 14798 | Lair:3   | Found a hole to the Spider Nest.
 15010 | Lair:4   | Found a staircase to the Shoals.
 15028 | Lair:4   | Noticed Kirke
 15186 | Lair:4   | HP: 4/94 [harpy[Kirke] (6)]
 15189 | Lair:4   | Slain by a harpy

Vault maps used:
D:1:      dpeg_arrival_another_circle
D:2:      uniq_terence
D:3:      first_ration, uniq_grinder
D:4:      serial_column_ruins, column_ruins_open_large,
          column_ruins_open_medium, column_ruins_grid_3,
          column_ruins_corridor_dead_end, column_ruins_open_tiny,
          grunt_decor_cap, uniq_ijyb, uniq_natasha
D:5:      kennysheep_vampire_church, temple_doors_e
D:7:      serial_shops, kennysheep_mini, grunt_livestock, minmay_hedge_maze,
          minmay_lizard_king
D:8:      gammafunk_the_bubble, grunt_ministairs_1
D:9:      uniq_harold
D:10:     nicolae_dithmenos_shadow_blocks
D:11:     david_lair_generic, trog_wizard
D:12:     erik_orc_1
Temple:   dpeg_three_leaves_temple
Lair:2:   statuecave_lemuel
Lair:3:   spider_nest_entry_funnel_web
Lair:4:   minmay_shoals_entry_lonely_mermaid, nicolae_lair_grove_arrangements,
          grunt_megastairs_4, infiniplex_staircase_pool, lemuel_fruit_fields,
          uniq_kirke

Skill      XL: |  1  2  3  4  5  6  7  8  9 10 11 12 |
---------------+-------------------------------------+-----
Spellcasting   | 5 6 7 8 9 |  9.1
Short Blades   | 1 2 3 4 5 6 7 |  7.4
Long Blades    | 1 2 3 4 5 6 7 |  7.4
Axes           | 1 2 3 4 5 6 7 |  7.4
Maces & Flails | 1 2 3 4 5 6 7 |  7.4
Staves         | 1 2 3 4 5 6 7 |  7.4
Slings         | 1 2 3 4 5 6 7 |  7.4
Bows           | 1 2 3 4 5 6 7 |  7.4
Crossbows      | 1 2 3 4 5 6 7 |  7.4
Throwing       | 1 2 3 4 5 6 7 |  7.4
Stealth        | 1 2 3 4 5 6 7 |  7.4
Shields        | 1 2 3 4 5 6 7 |  7.4
Unarmed Combat | 1 2 3 4 5 6 7 |  7.4
Invocations    | 1 2 3 4 5 6 7 8 |  8.2
Evocations     | 1 2 3 4 5 6 7 |  7.4
Conjurations   | 1 2 3 4 5 6 |  6.2
Hexes          | 1 2 3 4 5 6 |  6.2
Summonings     | 1 2 3 4 5 6 |  6.2
Necromancy     | 1 2 3 4 5 6 |  6.2
Translocations | 1 2 3 4 5 6 |  6.2
Transmutations | 1 2 3 4 5 6 |  6.2
Fire Magic     | 1 2 3 4 5 6 |  6.2
Ice Magic      | 1 2 3 4 5 6 |  6.2
Air Magic      | 1 2 3 4 5 6 |  6.2
Earth Magic    | 1 2 3 4 5 6 |  6.2
Poison Magic   | 1 2 3 4 5 6 |  6.2
Fighting       | 5 6 7 8 |  8.8
Polearms       | 5 6 7 8 |  8.8
Armour         | 3 4 5 6 7 |  7.9
Dodging        | 5 6 7 8 |  8.8
Charms         | 6 7 8 |  8.3

Action                   |  1- 3 |  4- 6 |  7- 9 | 10-12 || total
-------------------------+-------+-------+-------+-------++-------
Melee: Spear             |   101 |   191 |    80 |       ||   372
       Bite              |    14 |    11 |    55 |    40 ||   120
       Punch             |       |     1 |     1 |       ||     2
       Trident           |       |       |   351 |    63 ||   414
       Hand axe          |       |       |     3 |       ||     3
       Halberd           |       |       |       |   338 ||   338
       Great mace        |       |       |       |    16 ||    16
Throw: Tomahawk          |     3 |     2 |     7 |     2 ||    14
 Cast: Infusion          |     4 |     6 |     9 |     4 ||    23
       Shroud of Golubri |     3 |     4 |    12 |    12 ||    31
       Regeneration      |       |     3 |    13 |     5 ||    21
       Spectral Weapon   |       |     3 |    16 |    29 ||    48
       Confuse           |       |       |     7 |       ||     7
       Summon Ice Beast  |       |       |       |    61 ||    61
       Ozocubu's Armour  |       |       |       |     6 ||     6
Invok: Heroism           |       |       |     3 |    10 ||    13
       Finesse           |       |       |       |     1 ||     1
Evoke: Wand              |       |       |     5 |     2 ||     7
  Use: Scroll            |       |     2 |    17 |    16 ||    35
       Potion            |       |       |     1 |     2 ||     3
 Stab: Sleeping          |     1 |     5 |     3 |    27 ||    36
       Distracted        |       |       |     2 |     3 ||     5
  Eat: Chunk             |       |     6 |    13 |    27 ||    46
       Ration            |       |       |     2 |     2 ||     4
Armor: Leather armour    |    17 |    23 |    78 |    19 ||   137
       Troll leather arm |       |       |       |    75 ||    75
Dodge: Dodged            |    69 |    86 |   253 |   397 ||   805
Block: Buckler           |       |       |    86 |    10 ||    96

Table legend:
 A = Non-vault XP
 B = Vault XP
 C = Vault XP percentage of total XP
 D = Non-vault monster count
 E = Vault monster count
 F = Vault count percentage of total count
                 A         B        C        D         E       F
            +---------+---------+-------+---------+---------+-------
      Total |   23649 |    4945 |  17.3 |     288 |      52 |  15.3
            +---------+---------+-------+---------+---------+-------
        D:1 |      38 |       0 |   0.0 |      24 |       0 |   0.0
        D:2 |      80 |      36 |  31.0 |      30 |       1 |   3.2
        D:3 |      93 |     281 |  75.1 |      19 |       1 |   5.0
        D:4 |     364 |      74 |  16.9 |      16 |       2 |  11.1
        D:5 |      56 |      67 |  54.5 |       4 |       7 |  63.6
        D:6 |     606 |       0 |   0.0 |      19 |       0 |   0.0
        D:7 |    1086 |    1062 |  49.4 |      23 |      10 |  30.3
        D:8 |    1842 |     235 |  11.3 |      27 |       4 |  12.9
        D:9 |     899 |    1018 |  53.1 |      10 |       1 |   9.1
       D:10 |    1396 |       0 |   0.0 |      13 |       0 |   0.0
       D:11 |    2294 |     419 |  15.4 |      17 |       3 |  15.0
       D:12 |    3845 |     778 |  16.8 |      39 |      18 |  31.6
     Lair:1 |    4212 |       0 |   0.0 |      14 |       0 |   0.0
     Lair:2 |    2977 |       0 |   0.0 |      14 |       0 |   0.0
     Lair:3 |    3511 |     474 |  11.9 |      18 |       2 |  10.0
     Lair:4 |     350 |     501 |  58.9 |       1 |       3 |  75.0
            +---------+---------+-------+---------+---------+-------
